 Dungeon Crawl Stone Soup version 0.28.0 (webtiles) character file.

Game seed: 1697230568980265147

44 GrayStillPlays the Skirmisher (level 3, 0/43 HPs)
             Began as a Demonspawn Fighter on Feb 13, 2022.
             Succumbed to an adder's poison
             ... on level 2 of the Dungeon.
             The game lasted 00:01:17 (1004 turns).

GrayStillPlays the Skirmisher (Demonspawn Fighter)  Turns: 1004, Time: 00:01:17

Health: 0/43       AC:  6    Str: 16    XL:     3   Next: 39%
Magic:  3/3        EV:  8    Int: 11    God:
Gold:   27         SH:  4    Dex: 12    Spells: 2/2 levels left

rFire   . . .      SeeInvis .   a - +0 war axe {axe}
rCold   . . .      Faith    .   c - +0 buckler
rNeg    . . .      Spirit   .   b - +0 scale mail
rPois   .          Reflect  .   (helmet restricted)
rElec   .          Harm     .   (no cloak)
rCorr   .          Rampage  .   (no gloves)
Will    .....                   (no boots)
Stlth   ..........              (no amulet)
HPRegen 0.14/turn               (no ring)
MPRegen 0.08/turn               (no ring)

@: berserking, lethally poisoned (0 -> -11), very quick
A: horns 1, powered by pain 1
a: no special abilities


You were on level 2 of the Dungeon.
You visited 1 branch of the dungeon, and saw 2 of its levels.

You collected 27 gold pieces.


Innate Abilities, Weirdness & Mutations

You have a pair of small horns on your head.
You sometimes gain a little power by taking damage.


   Skills:
 + Level 3.4 Fighting
 + Level 2.3 Axes
 + Level 3.1 Armour
 + Level 3.1 Shields


You had 2 spell levels left.
You didn't know any spells.
Your spell library contained the following spells:

 Spells                   Type           Power      Damage    Failure   Level
 Conjure Flame            Conj/Fire      0%         6-21      99%         3
 Ignite Poison            Fire/Tmut/Pois 0%         N/A       99%         3
 Sticky Flame             Conj/Fire      0%         2d3       100%        4

Inventory:

Hand Weapons
 a - a +0 war axe (weapon) {axe}
Missiles
 f - 11 bolts
 g - 12 stones (quivered) {throwing}
 i - 5 poisoned darts {throwing}
Armour
 b - a +0 scale mail (worn)
 c - a +0 buckler (worn)
Scrolls
 e - a scroll of teleportation {unknown}
 h - a scroll of identify {unknown}
 j - a scroll of torment {unknown}
Potions
 d - 2 potions of might
 l - a potion of haste {unknown}

Dungeon Overview and Level Annotations

Branches:
Dungeon (2/15)

Altars:

..# #.##.##.......#
#.##..#.......#
#.###........# #.#
##.......# #.# #..(....#
<.# #.......# #
#.......#
#.#####...†††.#
#.S@..........######
.......####†...........#
....... #.†............
....### #..#..†..?......
... #.##....†....... ..
#. #####........ . ..
#........ .. #........
... .........


You could see an adder.


Message History

You slash the ball python!
You kill the ball python!
You hit the jackal.
You kill the jackal!
You see here a ball python corpse.
An adder comes into view. 😕 HP[+1]
An adder is nearby!
An adder is nearby!
An adder is nearby!
An adder is nearby!
You closely miss the adder. The adder completely misses you.
You block the adder's attack.
You slash the adder! Your headbutt misses the adder.
You block the adder's attack.
You completely miss the adder. Your headbutt misses the adder.
You block the adder's attack. The adder closely misses you.
You hit the adder but do no damage. Your headbutt misses the adder.
The adder bites you. You block the adder's attack. 😮 HP[-3]
You take 3 damage, and now have 19/29 hp.
An adder is nearby!
You are too injured to fight recklessly!
An adder is nearby!
An adder is nearby!
You are too injured to fight recklessly!
You are too injured to fight recklessly!
You barely miss the adder. You headbutt the adder.
You kill the adder!
You see here an adder corpse.
An endoplasm comes into view. 😮 HP[+1]
An endoplasm is nearby!
An endoplasm is nearby!
An endoplasm is nearby!
An endoplasm is nearby!
You are too injured to fight recklessly!
You are too injured to fight recklessly!
You are too injured to fight recklessly!
An endoplasm is nearby!
You are too injured to fight recklessly!
Unknown command.
You are too injured to fight recklessly!
You block the endoplasm's attack.
You see here a jackal corpse.
You hit the endoplasm. You headbutt the endoplasm.
You kill the endoplasm! 😮 HP[+1]
An adder comes into view. 😕 HP[+1]
An adder is nearby!
An adder is nearby!
An adder is nearby!
An adder is nearby!
An adder is nearby!
The adder hisses angrily.
An adder is nearby!
You block the adder's attack.
You hit the adder. You headbutt the adder. The adder completely misses you. x2
You barely miss the adder.
You block the adder's attack. x2 😕 HP[+1]
You hit the adder. Your headbutt misses the adder. The adder bites you.
You are poisoned.
The adder poisons you! The adder bites you. 😮 HP[-3]
You take 3 damage, and now have 20/29 hp.
You miss the adder.
You headbutt the adder, but do no damage.
You feel sick. The adder bites you.
You are more poisoned.
The adder poisons you!
The adder bites you but does no damage. 😮 HP[-3]
You take 3 damage, and now have 17/29 hp.
You completely miss the adder.
You feel very sick. The adder closely misses you. 😨 HP[-3]
You take 3 damage, and now have 14/29 hp.
You hit the adder.
You feel sick. The adder bites you.
* * * LOW HITPOINT WARNING * * *
You are lethally poisoned!
The adder poisons you! You block the adder's attack. 😨 HP[-6]
You take 6 damage, and now have 8/29 hp.
MASSIVE DAMAGE!! (PAUSE)
You hit the adder.
You headbutt the adder, but do no damage.
* * * LOW HITPOINT WARNING * * *
You feel very sick. You block the adder's attack. The adder bites you.
* * * LOW HITPOINT WARNING * * *
You are more poisoned.
The adder poisons you! 😱 HP[-7]
You take 7 damage, and now have 1/29 hp.
MASSIVE DAMAGE!! (PAUSE) It was a potion of berserk rage.
A red film seems to cover your vision as you go berserk!
You feel yourself moving faster!
You feel mighty!
You die...

Skill      XL: |  1  2 |
---------------+-------+-----
Axes           | 2 |  2.3
Shields        | 3 |  3.1
Armour         | 3 |  3.1
Fighting       | |  3.4

Action                   || total
-------------------------++-------
Melee: War axe           ||    66
       Headbutt          ||    10
  Use: Potion            ||     1
Armor: Scale mail        ||    28
Dodge: Dodged            ||    32
Block: Buckler           ||    26

Levels and vault maps discovered:
D:1:      shiori_shiawase, layout_basic, ebering_ecumenical_altar_ruins
D:2:      layout_rooms, minmay_misc_feat_tower, st_stairs_10

Notes
Turn   | Place    | Note
-------+----------+-------------------------------------------
     0 | D:1      | GrayStillPlays the Demonspawn Fighter began the quest for
                  | the Orb.
     0 | D:1      | Reached XP level 1. HP: 18/18 MP: 1/1
     0 | D:1      | magus.rc [v1.9.6]
     1 | D:1      | You add the spells Conjure Flame, Ignite Poison and Sticky
                  | Flame to your library.
   331 | D:1      | Reached skill level 2 in Axes
   333 | D:1      | Gained mutation: You have a pair of small horns on your
                  | head. [demonic ancestry]
   333 | D:1      | Reached XP level 2. HP: 19/24 MP: 2/2
   458 | D:1      | Found a faded altar of an unknown god.
   773 | D:1      | Reached skill level 3 in Shields
   847 | D:2      | Reached skill level 3 in Armour
   869 | D:2      | Gained mutation: You sometimes gain a little power by
                  | taking damage. [demonic ancestry]
   869 | D:2      | Reached XP level 3. HP: 21/29 MP: 3/3
  1003 | D:2      | HP: 5/29 [poisoned by an adder]
  1003 | D:2      | HP: 1/29 [adder (4)]
  1004 | D:2      | Succumbed to an adder's poison

Vanquished Creatures
  An adder (D:2)
  3 dart slugs (D:1)
  5 endoplasms
  4 hobgoblins
  3 jackals (D:2)
  A quokka (D:1)
  3 ball pythons
  A bat (D:1)
  3 frilled lizards
  A kobold (D:1)
  3 rats (D:1)
28 creatures vanquished.

Table legend:
 A = Non-vault XP
 B = Vault XP
 C = Vault XP percentage of total XP
 D = Non-vault monster count
 E = Vault monster count
 F = Vault count percentage of total count
                 A         B        C        D         E       F
            +---------+---------+-------+---------+---------+-------
      Total |      63 |       0 |   0.0 |      28 |       0 |   0.0
            +---------+---------+-------+---------+---------+-------
        D:1 |      34 |       0 |   0.0 |      18 |       0 |   0.0
        D:2 |      29 |       0 |   0.0 |      10 |       0 |   0.0
            +---------+---------+-------+---------+---------+-------

Illustrated notes

Table legend:
 A = Kills in this place as a percentage of kills in entire the game.
 B = Kills by you in this place as a percentage of kills by you in the entire game.
 C = Kills by friends in this place as a percentage of kills by friends in the entire game.
 D = Other kills in this place as a percentage of other kills in the entire game.
 E = Experience gained in this place as a percentage of experience gained in the entire game.
 F = Experience gained in this place divided by the number of levels of this place that you have seen.
                   A       B       C       D       E      F
               +-------+-------+-------+-------+-------+----------------------
         Total | 100.0 | 100.0 |   N/A |   N/A | 100.0 |  31.5
       Dungeon | 100.0 | 100.0 |   N/A |   N/A | 100.0 |  31.5
               +-------+-------+-------+-------+-------+----------------------

Table legend: (Time is in decaauts)
 A = Elapsed time spent in this place.
 B = Non-inter-level travel time spent in this place.
 C = Inter-level travel time spent in this place.
 D = Time resting spent in this place.
 E = Time spent auto-exploring this place.
 F = Levels seen in this place.
 G = Mean time per level.
                   A        B        C        D        E       F      G
               +--------+--------+--------+--------+--------+-----+--------+
         Total |   1032 |   1013 |     19 |      0 |    826 |   2 |  516.0 |
       Dungeon |   1032 |   1013 |     19 |      0 |    826 |   2 |  516.0 |
               +--------+--------+--------+--------+--------+-----+--------+

Top non-repeatable levels by time:
     D:1: 858 daAuts
     D:2: 173 daAuts
